 Dungeon Crawl Stone Soup version 0.22-a0-247-gbddf880 (webtiles) character file.

482 varam the Grave Robber (level 7, -2/50 HPs)
             Began as a Hill Orc Necromancer on Feb 27, 2018.
             Killed from afar by varam's ghost (12 damage)
             ... with a flame tongue
             ... on level 6 of the Dungeon.
             The game lasted 00:23:38 (7927 turns).

varam the Grave Robber (Hill Orc Necromancer)       Turns: 7927, Time: 00:23:39

Health: -2/50      AC:  3    Str: 12    XL:     7   Next: 12%
Magic:  9/9        EV: 12    Int: 18    God:
Gold:   194        SH:  0    Dex: 11    Spells: 5/10 levels left

rFire    . . .     SeeInvis .   q - +0 hand axe
rCold    . . .     Gourm    .   (no shield)
rNeg     . . .     Faith    .   a - +0 robe
rPois    .         Spirit   .   l - +0 helmet (curse)
rElec    .         Reflect  .   (no cloak)
rCorr    .         Harm     .   (no gloves)
MR       .....                  (no boots)
Stlth    +++.......             (no amulet)
HPRegen  0.16/turn              p - ring of stealth
MPRegen  0.11/turn              (no ring)

@: no status effects
A: fangs 1, clever 1, low mp 1, mutation resistance 1
a: no special abilities


You were on level 6 of the Dungeon.
You were not hungry.

You visited 1 branch of the dungeon, and saw 6 of its levels.

You collected 194 gold pieces.

Inventory:

Hand Weapons
 j - a +0 morningstar
 q - a +0 hand axe (weapon)
 s - a +0 hunting sling
Missiles
 c - 63 sling bullets
 r - 3 tomahawks (quivered)
Armour
 a - a +0 robe (worn)
 f - a +0 buckler
 l - a cursed +0 helmet (worn)
 m - a +0 chain mail
Jewellery
 p - a ring of stealth (left hand)
Scrolls
 d - 10 scrolls of identify
 h - 3 scrolls of remove curse
 i - 4 scrolls of teleportation
 k - a scroll of fog
 u - a scroll of amnesia {unknown}
 v - a scroll of immolation {unknown}
 w - a scroll of enchant weapon {unknown}
Potions
 e - a potion of agility {unknown}
 g - a potion of lignification {unknown}
 n - a potion of berserk rage {unknown}
 o - a potion of cancellation {unknown}
 t - a potion of haste
 x - a potion of invisibility
Comestibles
 b - 7 rations
 z - 5 chunks of flesh


   Skills:
 + Level 5.2 Axes
 - Level 1.5 Dodging
 - Level 1.5 Stealth
 - Level 2.1 Spellcasting
 + Level 6.9 Necromancy


You had 5 spell levels left.
You knew the following spells:

 Your Spells              Type           Power        Failure   Level  Hunger
a - Pain                  Necr           ####         1%          1    #......
b - Animate Skeleton      Necr           N/A          1%          1    #......
c - Vampiric Draining     Necr           ####......   3%          3    ###....


Dungeon Overview and Level Annotations

Branches:
Dungeon (6/15)
 Temple: D:4-7

Altars:
Ashenzari
Hepliaklqana
Kikubaaqudgha
Nemelex Xobeh
Sif Muna
Trog
The Shining One

Annotations:
D:3 2 transporters
D:6 varam's ghost, novice DrFE


Innate Abilities, Weirdness & Mutations

You have very sharp teeth.
Your mind is acute. (Int +2)
Your magical capacity is low. (-10% MP)
You are somewhat resistant to further mutation.


Message History

z - 5 chunks of flesh (gained 3)
Found a scale mail.
Found two altars.
Found a leather armour.
Varam's ghost (novice Black Draconian Fire Elementalist) comes into view.
You see here 21 sling bullets.
Varam's ghost turns its malevolent gaze towards you.
Found two altars.
Varam's ghost gestures at you while chanting.
The puff of flame hits you!
You completely miss varam's ghost. Varam's ghost casts a spell at you.
The puff of flame hits you!
You barely miss varam's ghost.
Varam's ghost points at you and mumbles some strange words.
The flame tongue hits you!
* * * LOW HITPOINT WARNING * * *
Varam's ghost gestures at you while chanting.
The flame tongue hits you!
You die...

#. #.# ..# #.. #.##..#
.# #..#####.#...# .#
##............# .#
.......##.#.#######.#
._..._..............#
..........#.#.####..##
...8.....W(..........#
..........@..........#
._..._..#.#..#####.#.##
......[##.##.# #....#
##....# #.##.# ###..#
#.##. #.##.# #..# #. #.
#.##.# #..# #.#[.. #.<#
... #..# ##.#


You could see varam's ghost.

Vanquished Creatures
  An orc priest (D:3)
  4 worker ants
  A hound skeleton (D:4)
  7 gnolls
  7 adders
  4 worms
  2 dart slugs (D:1)
  2 leopard geckos
  8 orcs
  2 ball pythons
  6 giant cockroaches
  4 goblins
  7 hobgoblins
  9 jackals
  4 kobolds
  A quokka (D:5)
  5 bats
  5 frilled lizards
  A leopard gecko skeleton (D:4)
  A quokka skeleton (D:4)
  10 rats
91 creatures vanquished.

Vanquished Creatures (collateral kills)
  An ogre (D:4)
  A bullfrog skeleton (D:4)
  A worker ant (D:4)
  A hound skeleton (D:4)
  2 jackals (D:4)
6 creatures vanquished.

Grand Total: 97 creatures vanquished

Notes
Turn   | Place    | Note
-------+----------+-------------------------------------------
     0 | D:1      | varam the Hill Orc Necromancer began the quest for the Orb.
     0 | D:1      | Reached XP level 1. HP: 14/14 MP: 3/3
   402 | D:1      | Learned a level 1 spell: Animate Skeleton
   599 | D:1      | Reached XP level 2. HP: 19/20 MP: 0/4
  1750 | D:1      | Reached XP level 3. HP: 26/26 MP: 3/5
  1883 | D:2      | Learned a level 3 spell: Vampiric Draining
  1944 | D:2      | Reached skill level 5 in Necromancy
  2749 | D:2      | Reached XP level 4. HP: 24/33 MP: 0/6
  3394 | D:3      | Found a transporter.
  3438 | D:3      | Found a sparkling altar of Nemelex Xobeh.
  3549 | D:2      | Reached skill level 1 in Axes
  3549 | D:2      | Reached skill level 2 in Spellcasting
  3987 | D:3      | Found a transporter.
  4232 | D:3      | Reached XP level 5. HP: 33/38 MP: 1/8
  4330 | D:4      | Reached skill level 2 in Axes
  4342 | D:3      | Gained mutation: Your mind is acute. (Int +2) [potion of mutation]
  4342 | D:3      | Gained mutation: You have very sharp teeth. [potion of mutation]
  4342 | D:3      | Gained mutation: Your magical capacity is low. (-10% MP) [potion of mutation]
  4342 | D:3      | Gained mutation: You are somewhat resistant to further mutation. [potion of mutation]
  4716 | D:4      | Reached skill level 3 in Axes
  4716 | D:4      | Reached skill level 6 in Necromancy
  5019 | D:4      | Reached XP level 6. HP: 40/45 MP: 1/8
  5392 | D:4      | Reached skill level 4 in Axes
  5739 | D:4      | Noticed a phantom
  5811 | D:5      | Entered Level 5 of the Dungeon
  6783 | D:4      | Reached skill level 5 in Axes
  6783 | D:4      | Reached XP level 7. HP: 36/50 MP: 0/9
  7255 | D:4      | Noticed a moth of wrath
  7257 | D:4      | Found a bloodstained altar of Trog.
  7502 | D:4      | Found a deep blue altar of Sif Muna.
  7912 | D:6      | Found a hazy altar of Hepliaklqana.
  7912 | D:6      | Found a glowing golden altar of the Shining One.
  7915 | D:6      | Noticed varam's ghost (novice DrFE)
  7921 | D:6      | Found a shattered altar of Ashenzari.
  7921 | D:6      | Found an ancient bone altar of Kikubaaqudgha.
  7927 | D:6      | Killed from afar by varam's ghost

Vault maps used:
D:1:      sevenhm_arrival_forest_fort_small_3, serial_glass, glass_columns_a,
          glass_columns_b, minmay_strange_pillars, feat_on_display,
          due_unseen_surprise
D:3:      gammafunk_wand_slinger, nemelex_xobeh_ov_fountains_minmay,
          hangedman_decor_push
D:4:      lemuel_blue_sif_altar, first_ration, tgw_trog
D:5:      minivault_19, uniq_prince_ribbit1
D:6:      old_standard_altar, grunt_temple_overflow_open, serial_shops, shop,
          minmay_tree_intersection

Skill      XL: |  1  2  3  4  5  6 |
---------------+-------------------+-----
Necromancy     | 5 6 |  6.9
Axes           | 1 3 5 |  5.2
Spellcasting   | 2 |  2.1
Dodging        | |  1.5
Stealth        | |  1.5

Action                   |  1- 3 |  4- 6 |  7- 9 || total
-------------------------+-------+-------+-------++-------
Melee: Unarmed           |    19 |       |       ||    19
       Hand axe          |     2 |   172 |    72 ||   246
       Short sword       |       |    15 |       ||    15
       Morningstar       |       |     6 |       ||     6
       Bite              |       |     8 |     4 ||    12
 Cast: Pain              |    57 |    70 |     6 ||   133
       Animate Skeleton  |     1 |     4 |       ||     5
       Vampiric Draining |       |    12 |     5 ||    17
  Use: Scroll            |     5 |     1 |       ||     6
       Potion            |     1 |     6 |     2 ||     9
 Stab: Sleeping          |       |     3 |       ||     3
       Distracted        |       |     1 |       ||     1
  Eat: Ration            |     1 |     2 |     1 ||     4
       Chunk             |     4 |     7 |     2 ||    13
Armor: Robe              |     5 |    33 |    17 ||    55
       Chain mail        |       |    30 |       ||    30
Dodge: Dodged            |    25 |   155 |    53 ||   233

Table legend:
 A = Spawn XP
 B = Non-spawn XP
 C = Spawn XP percentage of total XP
 D = Spawn monster count
 E = Non-spawn monster count
 F = Spawn count percentage of total count
 G = Total turns spent on level
                    A         B        C        D         E        F      G
               +---------+---------+-------+---------+---------+-------+---------
         Total |       0 |     689 |   0.0 |       0 |      97 |   0.0 |  7927
               +---------+---------+-------+---------+---------+-------+---------
           D:1 |       0 |      34 |   0.0 |       0 |      18 |   0.0 |  1842
           D:2 |       0 |      65 |   0.0 |       0 |      16 |   0.0 |  1441
           D:3 |       0 |     132 |   0.0 |       0 |      23 |   0.0 |  1254
           D:4 |       0 |     355 |   0.0 |       0 |      29 |   0.0 |  2083
           D:5 |       0 |      97 |   0.0 |       0 |       8 |   0.0 |  1186
           D:6 |       0 |       6 |   0.0 |       0 |       3 |   0.0 |   121
               +---------+---------+-------+---------+---------+-------+---------
